 Dungeon Crawl Stone Soup version 0.24.0-13-gcf9b319 (webtiles) character file.

Game seed: 12804048691151260349, levelgen mode: deterministic

87 shmeve the Chopper (level 4, 0/41 HPs)
             Began as a Minotaur Berserker on Apr 10, 2020.
             Was a Believer of Trog.
             Succumbed to a worker ant's poison
             ... on level 4 of the Dungeon.
             The game lasted 00:02:33 (1669 turns).

shmeve the Chopper (Minotaur Berserker)             Turns: 1669, Time: 00:02:33

Health: 0/41       AC:  3    Str: 26    XL:     4   Next: 28%
Magic:  3/3        EV: 12    Int:  5    God:    Trog [**....]
Gold:   102        SH:  0    Dex: 10    Spells: 3/3 levels left

rFire    . . .     SeeInvis .   a - +0 hand axe
rCold    . . .     Gourm    .   (no shield)
rNeg     . . .     Faith    .   b - +0 animal skin
rPois    .         Spirit   .   (helmet restricted)
rElec    .         Reflect  .   j - scarf {repulsion}
rCorr    .         Harm     .   o - +0 pair of gloves
MR       ++...                  (no boots)
Stlth    +.........             (no amulet)
HPRegen  1.13/turn              (no ring)
MPRegen  0.08/turn              (no ring)

@: mighty, lethally poisoned (0 -> -2), regenerating, repel missiles
A: retaliatory headbutt, horns 2
a: Berserk, Trog's Hand, Renounce Religion


You were on level 4 of the Dungeon.
You worshipped Trog.
Trog was pleased with you.
You were hungry.

You visited 1 branch of the dungeon, and saw 3 of its levels.

You collected 102 gold pieces.

Inventory:

Hand Weapons
 a - a +0 hand axe (weapon)
Armour
 b - a +0 animal skin (worn)
 j - a scarf of repulsion (worn)
 o - a +0 pair of gloves (worn)
Scrolls
 e - 6 scrolls of identify {unknown}
 g - a scroll of enchant armour {unknown}
 h - 2 scrolls of remove curse {unknown}
 i - 2 scrolls of teleportation {unknown}
 k - a scroll of immolation {unknown}
 l - a scroll of amnesia {unknown}
 n - a scroll of magic mapping {unknown}
Potions
 f - a potion of might
 m - a potion of mutation {unknown}
Comestibles
 c - 4 rations
 d - 4 chunks of flesh


   Skills:
 * Level 4.4 Fighting
 * Level 4.5 Axes
 + Level 1.2 Throwing
 + Level 3.0 Armour
 + Level 2.7 Dodging


You had 3 spell levels left.
You didn't know any spells.
Your spell library was empty.

Dungeon Overview and Level Annotations

Branches:
Dungeon (2/15)

Altars:
Cheibriados


Innate Abilities, Weirdness & Mutations

You reflexively headbutt those who attack you in melee.
You have a pair of horns on your head.


Message History

* * * LOW HITPOINT WARNING * * *
You are more poisoned.
The worker ant poisons you! The worker ant barely misses you.
Your skin crawls.
You feel resistant to hostile enchantments.
You are feeling hungry.
* * * LOW HITPOINT WARNING * * *
You feel sick.
The worker ant bites you but does no damage.
You slash the worker ant!
You kill the worker ant!
Trog accepts your kill.
Your Armour skill increases to level 3!
You have reached level 4!
You feel agile.
* * * LOW HITPOINT WARNING * * *
You feel sick.
It was a potion of might.
You feel very mighty all of a sudden.
You die...

#.........###
#...........# #
#...........# $#
#........#######.#.
##........##........ #
#.........#.........
#.#...................
#.#.....>.............
#
#..#+#....###.@†......
..#.........#
#.........
.......÷.####
#......... .........#
#+#..##### .........#
.... ###......# ....
.........# )....
##.#.#+#.# .....# #+#+
#.#


There were no monsters in sight!

Vanquished Creatures
  2 worker ants (D:4)
  2 dart slugs
  A leopard gecko (D:1)
  A ball python (D:2)
  3 bats (D:1)
  2 giant cockroaches
  7 goblins
  2 hobgoblins (D:1)
  2 jackals (D:1)
  4 frilled lizards
  5 kobolds
  4 rats
35 creatures vanquished.

Notes
Turn   | Place    | Note
-------+----------+-------------------------------------------
     0 | D:1      | shmeve the Minotaur Berserker began the quest for the Orb.
     0 | D:1      | Reached XP level 1. HP: 19/19 MP: 0/0
   161 | D:1      | Reached XP level 2. HP: 26/27 MP: 1/1
  1167 | D:2      | Found a snail-covered altar of Cheibriados.
  1192 | D:2      | Reached ** piety under Trog
  1192 | D:2      | Reached XP level 3. HP: 32/33 MP: 2/2
  1564 | D:2      | You fall into a shaft and drop 2 floors!
  1591 | D:4      | Reached skill level 1 in Throwing
  1667 | D:4      | HP: 1/34 [poisoned by a worker ant]
  1668 | D:4      | Reached XP level 4. HP: 1/41 MP: 3/3
  1669 | D:4      | Succumbed to a worker ant's poison

Levels and vault maps discovered:
D:1:      onia_arrival_mini_maze_b, layout_basic
D:2:      layout_basic, led_sif_pool, kennysheep_slug_shrine
D:4:      layout_basic, grunt_gozag_statues, nemelex_xobeh_ov_fountains_minmay

Skill      XL: |  1  2  3 |
---------------+----------+-----
Axes           | 4 |  4.5
Fighting       | 4 |  4.4
Throwing       | 1 |  1.2
Armour         | 3 |  3.0
Dodging        | |  2.7

Action                   |  1- 3 |  4- 6 || total
-------------------------+-------+-------++-------
Melee: Hand axe          |    76 |       ||    76
       Headbutt          |    12 |       ||    12
Invok: Trog's Hand       |     1 |       ||     1
  Use: Potion            |       |     1 ||     1
  Eat: Chunk             |     2 |       ||     2
Armor: Animal skin       |    16 |       ||    16
Dodge: Dodged            |    38 |       ||    38
       Deflected         |     2 |       ||     2
